 Dungeon Crawl Stone Soup version 0.24-a0-583-g87330a484a (webtiles) character file.

Game seed: 3248350695318647708, levelgen mode: deterministic

88 Mithandil the Skirmisher (level 4, -7/35 HPs)
             Began as a Demonspawn Abyssal Knight on Aug 28, 2019.
             Was a Follower of Lugonu.
             Mangled by Grinder (8 damage)
             ... on level 3 of the Dungeon.
             The game lasted 00:07:57 (1863 turns).

Mithandil the Skirmisher (DsAK)                     Turns: 1863, Time: 00:07:57

Health: -7/35      AC:  5    Str: 16    XL:     4   Next: 29%
Magic:  6/6        EV:  7    Int: 13    God:    Lugonu [*.....]
Gold:   64         SH:  0    Dex: 10    Spells: 5/5 levels left

rFire    . . .     SeeInvis .   a - +1 falchion
rCold    + . .     Gourm    .   (no shield)
rNeg     . . .     Faith    .   e - +0 chain mail
rPois    .         Spirit   .   (no helmet)
rElec    .         Reflect  .   (no cloak)
rCorr    .         Harm     .   (no gloves)
MR       .....                  (no boots)
Stlth    ..........             (no amulet)
HPRegen  0.11/turn              l - +2 ring of strength
MPRegen  0.10/turn              n - ring of protection from cold

@: no status effects
A: talons 1, clumsy 1, deformed body, mutation resistance 1, shaggy fur 1, rot
immunity
a: Depart the Abyss, Renounce Religion


You were on level 3 of the Dungeon.
You worshipped Lugonu.
Lugonu was aware of your devotion.
You were not hungry.

You visited 1 branch of the dungeon, and saw 4 of its levels.
You visited the Abyss 1 time.

You collected 64 gold pieces.

Inventory:

Hand Weapons
 a - a +1 falchion (weapon)
 b - a +0 hunting sling
 o - a +0 trident
Missiles
 d - 47 stones (quivered)
 k - 12 bolts
 q - 28 sling bullets
Armour
 e - a +0 chain mail (worn)
 p - a +0 ring mail
Jewellery
 l - a +2 ring of strength (left hand)
 n - a ring of protection from cold (right hand)
Wands
 s - a wand of acid (9)
Scrolls
 g - a scroll of blinking {unknown}
 h - a scroll of random uselessness {unknown}
 i - 2 scrolls of fog {unknown}
 j - a scroll of teleportation {unknown}
 m - 2 scrolls of remove curse {unknown}
 r - 2 scrolls of enchant armour {unknown}
 t - a scroll of enchant weapon {unknown}
Comestibles
 c - 6 rations
 f - 2 chunks of flesh


   Skills:
 + Level 3.2 Fighting
 * Level 2.4 Long Blades
 + Level 2.1 Armour
 + Level 1.4 Dodging
 + Level 1.0 Unarmed Combat
 * Level 1.3 Spellcasting
 + Level 3.0 Invocations


You had 5 spell levels left.
You didn't know any spells.
Your spell library contained the following spells:

 Spells                   Type           Power        Failure   Level  Hunger
 Magic Dart               Conj           #...         99%         1    ##.....
 Blink                    Tloc           N/A          100%        2    ###....
 Call Imp                 Summ           #.......     100%        2    ###....
 Slow                     Hex            #.......     100%        2    ###....
 Conjure Flame            Conj/Fire      #.......     100%        3    ####...
 Mephitic Cloud           Conj/Pois/Air  #.......     100%        3    ####...


Dungeon Overview and Level Annotations

Branches:
Dungeon (4/15)
 Temple: D:4-7

Altars:

Annotations:
D:3 Grinder


Innate Abilities, Weirdness & Mutations

You have sharp toenails.
You are immune to rotting.
You are clumsy. (Dex -2)
Armour fits poorly on your strangely shaped body.
You are somewhat resistant to further mutation.
You are covered in fur. (AC +1)


Message History

The bullfrog skeleton is lightly damaged.
The bullfrog skeleton hits you. Grinder gestures at you.
Pain shoots through your body!
* * * LOW HITPOINT WARNING * * *
You hit the bullfrog skeleton but do no damage.
The bullfrog skeleton is lightly damaged.
The bullfrog skeleton hits you.
* * * LOW HITPOINT WARNING * * *
Grinder blinks!
The bullfrog skeleton hits you.
* * * LOW HITPOINT WARNING * * *
You barely miss the bullfrog skeleton.
The bullfrog skeleton is lightly damaged.
The bullfrog skeleton hits you but does no damage.
Grinder blinks!
You hit the bullfrog skeleton.
The bullfrog skeleton is moderately damaged.
The bullfrog skeleton barely misses you.
Grinder hits you!
You die...

.?...##. .# ########
....... ..# #......#
...... g.# #......# ....#
#.# #......# ...#.>.#
###......#
######..#...###........#
.!....5.Zg.ยง##..#....>..
##.@# #.########. #...#
#.# #. #..#.# #.# ##
....##.######.# #
#....##........# #!..
#...####### #.. #..## #..
####


You could see Grinder, a hobgoblin (wandering), a goblin and a bullfrog
skeleton.

Vanquished Creatures
  Terence (D:2)
  An adder (D:3)
  An ooze (D:3)
  4 worms
  An orc (D:3)
  2 bats (D:1)
  3 giant cockroaches
  5 goblins
  6 hobgoblins
  3 quokkas
  3 frilled lizards
  4 kobolds
  4 rats (D:1)
38 creatures vanquished.

Notes
Turn   | Place    | Note
-------+----------+-------------------------------------------
     0 | Abyss:1  | Mithandil the Demonspawn Abyssal Knight began the quest for
                  | the Orb.
     0 | Abyss:1  | Reached XP level 1. HP: 18/18 MP: 2/2
    23 | Abyss:2  | Noticed a small abomination
    24 | D:1      | Escaped the Abyss
   286 | D:1      | Reached skill level 1 in Dodging
   347 | D:1      | Gained mutation: You are immune to rotting. [demonic
                  | ancestry]
   347 | D:1      | Reached XP level 2. HP: 18/24 MP: 3/3
   417 | D:1      | Reached * piety under Lugonu
   750 | D:1      | You fall into a shaft and drop 1 floor!
   828 | D:2      | Noticed Terence
   841 | D:2      | Killed Terence
   841 | D:2      | Reached skill level 1 in Spellcasting
   841 | D:2      | Reached XP level 3. HP: 13/29 MP: 5/5
  1216 | D:1      | Gained mutation: Your muscles are strong. (Str +2) [potion
                  | of mutation]
  1216 | D:1      | Gained mutation: You are resistant to hostile enchantments.
                  | (MR+) [potion of mutation]
  1217 | D:1      | Lost mutation: Your muscles are strong. (Str +2) [potion of
                  | mutation]
  1217 | D:1      | Lost mutation: You are resistant to hostile enchantments.
                  | (MR+) [potion of mutation]
  1217 | D:1      | Gained mutation: Armour fits poorly on your strangely
                  | shaped body. [potion of mutation]
  1217 | D:1      | Gained mutation: You are covered in fur. (AC +1) [potion of
                  | mutation]
  1217 | D:1      | Gained mutation: You are clumsy. (Dex -2) [potion of
                  | mutation]
  1217 | D:1      | Gained mutation: You are somewhat resistant to further
                  | mutation. [potion of mutation]
  1563 | D:3      | Gained mutation: You have sharp toenails. [demonic
                  | ancestry]
  1563 | D:3      | Reached XP level 4. HP: 23/35 MP: 6/6
  1677 | D:3      | Reached skill level 1 in Unarmed Combat
  1858 | D:3      | Noticed Grinder
  1861 | D:3      | HP: 1/35 [bullfrog skeleton (1)]
  1863 | D:3      | Mangled by Grinder

Levels and vault maps discovered:
D:1:      evilmike_arrival_run_for_it, layout_basic, lemuel_another_geyser
D:2:      layout_loops_ring, nicolae_ru_awakened_eye, uniq_terence
D:3:      layout_rooms, nicolae_dithmenos_through_a_glass_darkly, uniq_grinder,
          uniq_jessica
D:4:      layout_gridville, minmay_temple_entry_large_hall, first_ration,
          uniq_duvessa, uniq_sigmund

Skill      XL: |  1  2  3  4 |
---------------+-------------+-----
Dodging        | 1 |  1.4
Long Blades    | 2 |  2.4
Armour         | 2 |  2.1
Spellcasting   | 1 |  1.3
Invocations    | 3 |  3.0
Unarmed Combat | 1 |  1.0
Fighting       | |  3.2

Action                   |  1- 3 |  4- 6 || total
-------------------------+-------+-------++-------
Melee: Falchion          |    98 |    31 ||   129
       Kick              |       |     6 ||     6
Invok: Depart the Abyss  |     1 |       ||     1
  Use: Potion            |     3 |       ||     3
  Eat: Chunk             |     2 |     1 ||     3
Armor: Chain mail        |    50 |    11 ||    61
Dodge: Dodged            |    36 |    14 ||    50
       Rpst.: Falchion   |    10 |     6 ||    16

Table legend:
 A = Non-vault XP
 B = Vault XP
 C = Vault XP percentage of total XP
 D = Non-vault monster count
 E = Vault monster count
 F = Vault count percentage of total count
                 A         B        C        D         E       F
            +---------+---------+-------+---------+---------+-------
      Total |      89 |      37 |  29.4 |      36 |       2 |   5.3
            +---------+---------+-------+---------+---------+-------
        D:1 |      30 |       5 |  14.3 |      18 |       1 |   5.3
        D:2 |      20 |      32 |  61.5 |       8 |       1 |  11.1
        D:3 |      39 |       0 |   0.0 |      10 |       0 |   0.0
            +---------+---------+-------+---------+---------+-------
